AoeStats
← Iamak3186

Arabia

503236478Analyzed
1v1 RM · 1mo ago on Aug 30, 2026· 55m 49s· 2 players
Game mode
Random Map
Map size
Tiny (2 player)
Population
200
Speed
Normal
Resources
Standard
Victory
Conquest
Starting age
Dark Age
Ending age
Imperial Age
RankedLock teamsTeams togetherTeam positionsShared explorationLock speedFull tech treeHidden civsTurbo modeCheats
Victory
Defeat
🇮🇪 Burgundians · Ireland
1342
+15
🇮🇳 Mongols · India
1319
-15
Iamak3186
5:14 Loom
8:12 Feudal Age
9:15 Double-Bit Axe
11:15 Horse Collar
20:24 Castle Age
18:53 Gold Mining
19:15 Bloodlines
20:11 Fletching
21:36 Bow Saw
21:23 Bodkin Arrow
24:41 Ballistics
29:58 Wheelbarrow
29:09 Town Watch
29:49 Light Cavalry
33:12 Hand Cart
33:19 Scale Barding Armor
36:04 Imperial Age
34:27 Thumb Ring
36:18 Chain Barding Armor
35:59 Padded Archer Armor
37:22 Husbandry
37:25 Bracer
37:16 Heavy Cavalry Archer
37:56 Stone Mining
39:24 Chemistry
38:38 Forging
38:38 Hussar
39:36 Leather Archer Armor
39:47 Parthian Tactics
45:36 Conscription
45:51 Hoardings
47:18 Iron Casting
46:47 Heavy Plow
49:26 Blast Furnace
truthbandicoot
4:10 Loom
6:02 Loom
9:08 Feudal Age
7:42 Double-Bit Axe
11:51 Bow Saw
15:06 Horse Collar
16:34 Heavy Plow
17:23 Wheelbarrow
18:31 Hand Cart
19:25 Gold Mining
23:50 Castle Age
22:03 Forging
21:53 Scale Mail Armor
21:45 Fletching
24:06 Cavalier
24:46 Husbandry
24:07 Cavalier
25:30 Iron Casting
25:10 Chain Mail Armor
24:59 Bodkin Arrow
25:04 Padded Archer Armor
26:09 Elite Skirmisher
26:39 Town Watch
31:08 Leather Archer Armor
32:33 Stone Mining
33:56 Iron Casting
33:36 Chain Mail Armor
33:35 Town Patrol
32:56 Pikeman
33:36 Squires
36:04 Stone Shaft Mining
36:05 Gold Shaft Mining
38:30 Imperial Age
38:33 Masonry
38:44 Ballistics
38:53 Chain Mail Armor
38:43 Scale Barding Armor
40:16 Blast Furnace
39:17 Bracer
39:39 Conscription
40:05 Plate Mail Armor
39:24 Capped Ram
41:06 Chemistry
40:36 Architecture
41:08 Architecture
40:37 Murder Holes
40:11 Halberdier
42:11 Hoardings
43:02 Chain Barding Armor
45:02 Cavalier
46:07 Paladin
48:34 Plate Barding Armor
53:48 Flemish Revolution
Connection lost

Rejoining the realm…

Still unreachable

The connection could not be restored.

Session expired

The server has moved on; the page needs a fresh start.